 Dungeon Crawl Stone Soup version 0.20-a0-967-g62cfa5d (webtiles) character file.

52 4thArraOfDagon the Skirmisher (level 3, 0/33 HPs)
             Began as a Mummy Wanderer on Apr 7, 2017.
             Slain by a goblin
             ... wielding a +0 club
             ... led by Robin
              (5 damage)
             ... on level 3 of the Dungeon.
             The game lasted 00:02:35 (636 turns).

4thArraOfDagon the Skirmisher (Mummy Wanderer)       Turns: 636, Time: 00:02:35

Health: 0/33       AC:  3    Str: 13    XL:     3   Next: 60%
Magic:  3/3        EV: 12    Int: 11    God:
Gold:   22         SH:  0    Dex: 14    Spells: 2/2 levels left

rFire    x . .     SeeInvis .   a - +2 hand crossbow
rCold    + + .     Gourm    .   (no shield)
rNeg     + + +     Faith    .   f - +1 robe "Owiwuw" {rC+}
rPois    ∞         Spirit   .   (no helmet)
rElec    .         Reflect  .   (no cloak)
rCorr    .         Harm     .   (no gloves)
MR       .....                  (no boots)
Stlth    ++........             g - amulet of inaccuracy (curse)
Regen    0.2/turn               (no ring)
MPRegen  0.1/turn               (no ring)

@: no status effects
A: no food or potions, fire vulnerability, cold resistance 1, negative energy
resistance 3, torment resistance, unbreathing
a: no special abilities


You were on level 3 of the Dungeon.
You were not hungry.

You visited 1 branch of the dungeon, and saw 4 of its levels.

You collected 22 gold pieces.

Inventory:

Hand Weapons
 a - a +2 hand crossbow (weapon)
Missiles
 b - 12 bolts (quivered)
Armour
 d - a +0 robe
 f - the +1 robe "Owiwuw" (worn) {rC+}
   (You found it on level 4 of the Dungeon)

   It protects you from cold.
Jewellery
 g - a cursed amulet of inaccuracy (around neck)
Scrolls
 c - 2 scrolls of teleportation
 e - a scroll of identify


   Skills:
 - Level 5.0 Fighting
 * Level 3.0 Crossbows
 - Level 1.0 Throwing
 - Level 1.0 Dodging
 - Level 1.0 Stealth
   Level 1.0 Shields


You had 2 spell levels left.
You didn't know any spells.

Dungeon Overview and Level Annotations

Branches:
Dungeon (4/15)
 Temple: D:4-7

Altars:
Xom

Annotations:
D:2 Robin


Innate Abilities, Weirdness & Mutations

You do not eat or drink.
Your flesh is vulnerable to fire.
You are immune to poison.
Your flesh is cold resistant. (rC+)
You are immune to negative energy. (rN+++)
You are immune to unholy pain and torment.
You can survive without breathing.


Message History

Deactivating autopickup; reactivate with Ctrl-A.
You climb upwards.
The hobgoblin closely misses you. x2
The goblin hits you with a club. The hobgoblin hits you.
The hobgoblin hits you with a club.
* * * LOW HITPOINT WARNING * * *
There is a stone staircase leading down here.
Unknown command.
Unknown command.
The orc hits you with a hand axe.
* * * LOW HITPOINT WARNING * * *
Unknown command.
Unknown command.
The adder misses you.
Found 9 gold pieces.
Unknown command.
Unknown command.
Unknown command.
Unknown command.
The goblin hits you with a club.
You die...

########+#####
........ogS@.#
####.......g#.#
#........g..#.#.
#................
.#...............$
.......>...........
.##....$...........
.........##..#.##.#.
..................#


You could see an adder, an orc, 2 hobgoblins and a goblin.

Vanquished Creatures
  An orc wizard (D:4)
  2 leopard geckos (D:1)
  An orc (D:4)
  2 giant cockroaches
  2 goblins (D:1)
  2 hobgoblins (D:1)
  A jackal (D:1)
  2 kobolds (D:1)
  3 bats (D:1)
  A frilled lizard (D:4)
  2 rats
19 creatures vanquished.

Notes
Turn   | Place    | Note
-------+----------+-------------------------------------------
     0 | D:1      | 4thArraOfDagon the Mummy Wanderer began the quest for the Orb.
     0 | D:1      | 4thArraOfDagon set off with: a +2 hand crossbow, 23 bolts, 2 scrolls of teleportation, a +0 robe
     0 | D:1      | Reached XP level 1. HP: 21/21 MP: 1/1
   218 | D:1      | Reached XP level 2. HP: 25/27 MP: 2/2
   504 | D:2      | Noticed Robin
   514 | D:2      | Found a shimmering altar of Xom.
   514 | D:2      | Found a shimmering altar of Xom.
   516 | D:2      | Found a shimmering altar of Xom.
   516 | D:2      | Found a shimmering altar of Xom.
   516 | D:2      | Found a shimmering altar of Xom.
   517 | D:2      | Found a shimmering altar of Xom.
   518 | D:2      | Found a shimmering altar of Xom.
   543 | D:4      | Got an ancient robe
   571 | D:4      | Reached XP level 3. HP: 17/33 MP: 3/3
   597 | D:4      | Identified the +1 robe "Owiwuw" {rC+} (You found it on level 4 of the Dungeon)
   636 | D:3      | Slain by a goblin

Vault maps used:
D:1:      minmay_arrival_checkered_box, serial_bayou_lagoon_a,
          hangedman_decor_points, minmay_tromino_v4_a
D:2:      lemuel_coloured_pillars_altar, xom_redecorated, uniq_robin
D:3:      grunt_temple_overflow_open, uniq_grinder
D:4:      vehumet_altar_wand_db, uniq_natasha, uniq_iyjb

Skill      XL: |  1  2 |
---------------+-------+-----
Crossbows      | 3 |  3.0
Fighting       | |  5.0
Throwing       | |  1.0
Dodging        | |  1.0
Stealth        | |  1.0
Shields        | |  1.0

Action                   || total
-------------------------++-------
 Fire: Hand crossbow     ||    56
  Use: Scroll            ||     3
Armor: Robe              ||     9
Dodge: Dodged            ||    52
